 Dungeon Crawl Stone Soup version 0.17-a0-1311-gbcbd859 (webtiles) character file.

24974 Zwobot the Spry (level 12, -1/58 HPs)
             Began as a Felid Enchanter on June 7, 2015.
             Was the Champion of Kikubaaqudgha.
             Engulfed by a ghost crab's ghostly flame (8 damage)
             ... on level 2 of the Swamp on June 8, 2015.
             The game lasted 03:05:08 (34787 turns).

Zwobot the Spry (Felid Enchanter)                  Turns: 34787, Time: 03:05:09

Health: -1/58      AC:  5    Str:  4    XL:     12   Next: 85%
Magic:  5/23       EV: 31    Int: 22    God:    Kikubaaqudgha [******]
Gold:   574        SH:  0    Dex: 16    Spells: 9 memorised, 0 levels left
                                        Lives:  0   Deaths: 3

rFire  . . .     SeeInvis +       - Unarmed
rCold  + . .     Clarity  .     (armour unavailable)
rNeg   . . .     SustAt   .     (shield unavailable)
rPois  .         Gourm    .     (helmet unavailable)
rElec  .         Spirit   .     (cloak unavailable)
rCorr  .         Warding  .     (gloves unavailable)
rMut   .         Stasis   .     (boots unavailable)
MR     +....                    M - amulet of rage
Stlth  +++++++...               j - ring of invisibility
                                g - +2 ring of protection

@: quick, somewhat resistant to hostile enchantments, extremely stealthy
A: no armour, no weapons or thrown items, claws 1, fangs 3, see invisible,
carnivore 3, speed 1, shaggy fur 3, slow metabolism 1, sharp paws
a: Receive Corpses, Torment, Renounce Religion, Evoke Berserk Rage, Evoke
Invisibility


You were on level 2 of the Swamp.
You worshipped Kikubaaqudgha.
Kikubaaqudgha was exalted by your worship.
You were not hungry.

You visited 4 branches of the dungeon, and saw 26 of its levels.

You collected 1639 gold pieces.
You spent 1065 gold pieces at shops.

Inventory:

Jewellery
 g - a +2 ring of protection (left paw)
 j - a ring of invisibility (right paw)
 m - an uncursed amulet of stasis {unknown}
 o - an uncursed ring of teleport control
 u - the ring of Accord {SustAt Int+4 Dex+2}
   (You bought it in a shop on level 13 of the Dungeon)

   [ring of sustain attributes]

   It sustains your strength, intelligence and dexterity.
   It affects your intelligence (+4).
   It affects your dexterity (+2).
 x - an uncursed ring of teleportation
 D - an uncursed amulet of resist mutation
 E - an uncursed ring of magical power
 K - an uncursed ring of protection from magic
 M - an amulet of rage (around neck)
Magical devices
 t - a wand of digging (14)
 z - a wand of disintegration (13)
 C - a wand of fireball (8)
 N - a wand of slowing (19)
 O - a wand of polymorph (9)
 T - a wand of confusion (24)
 V - a wand of cold (3)
 X - a wand of confusion (24)
Scrolls
 c - 2 scrolls of amnesia
 d - 3 scrolls of magic mapping
 f - 3 scrolls of summoning
 l - 3 scrolls of teleportation
 r - 2 scrolls of fear
 w - 4 scrolls of torment
 B - a scroll of remove curse
 G - a scroll of holy word
Potions
 a - a potion of might
 e - 3 potions of curing
 h - 3 potions of flight
 i - 2 potions of magic
 n - 2 potions of berserk rage
 p - 2 potions of ambrosia {unknown}
 s - a potion of haste
 v - 2 potions of brilliance {unknown}
 A - 3 potions of mutation
 H - 3 potions of invisibility
 J - 2 potions of cancellation {unknown}
 P - a potion of lignification {unknown}
 Q - a potion of cure mutation
 W - 2 potions of agility {unknown}
Comestibles
 b - 13 meat rations {@e2}
 k - 12 slices of pizza
 q - 11 beef jerkies
 F - 14 royal jellies


   Skills:
 - Level 10.0 Fighting
 + Level 15.7 Dodging
 + Level 12.9 Stealth
 + Level 12.5 Unarmed Combat
 - Level 7.0 Spellcasting
 - Level 10.0 Hexes
 + Level 2.4 Summonings
 - Level 12.0 Necromancy
 - Level 2.0 Ice Magic
 - Level 4.2 Evocations


You couldn't memorise any spells.
You knew the following spells:

 Your Spells              Type           Power        Failure   Level  Hunger
a - Corona                Hex            ######.      1%          1    None
b - Ensorcelled Hibernat  Hex/Ice        ####..       1%          2    None
c - Tukima's Dance        Hex            ######..     1%          3    None
d - Confuse               Hex            ######..     1%          3    None
e - Corpse Rot            Necr           N/A          1%          2    None
f - Pain                  Necr           ####         1%          1    None
g - Animate Dead          Necr           N/A          1%          4    ###....
h - Dispel Undead         Necr           ######..     1%          5    #####..
i - Summon Mana Viper     Hex/Summ       #####...     21%         5    #####..


Dungeon Overview and Level Annotations

Branches:
Dungeon (15/15)            Temple (1/1) D:6            Lair (8/8) D:8
  Swamp (2/4) Lair:4        Snake (0/4) Lair:4        Slime (0/6) Lair:7
    Orc (0/4) D:12         Vaults (0/5) D:14         Depths (0/5) D:15

Altars:
Cheibriados
Dithmenos
Elyvilon
Fedhas
Gozag
Kikubaaqudgha
Makhleb
Okawaru
Sif Muna
Trog
Xom
Yredelemnul
Zin
The Shining One
Jiyva
Lugonu

Shops:
D:13 *

Annotations:
D:4 Natasha
Lair:3 2 exclusions
Lair:5 1 exclusion
Lair:6 exclusion: 2 oklob plants


Innate Abilities, Weirdness & Mutations

You cannot wear armour.
You are incapable of wielding weapons or throwing items.
You have sharp claws.
You have razor-sharp teeth.
You have supernaturally acute eyesight.
You are carnivorous and can eat meat at any time.
You cover ground quickly.
Your thick and shaggy fur keeps you warm (AC +3, rC+).
You have a slow metabolism.
Your sharp claws are effective at attacking unaware monsters.


Message History

Your six-headed hydra zombie bites the spectral giant leech.
Something bites your spiny frog zombie but does no damage.
Something claws your spiny frog zombie.
Your spiny frog zombie hits the swamp worm!
You take 21 damage, and have 7/58 hp.
MASSIVE DAMAGE!!
Read which item? (? for menu, Esc to quit)
As you read the scroll of fear, it crumbles to dust.
You assume a fearsome visage.
Your spiny frog zombie is unaffected.
Your swamp dragon zombie is unaffected.
Your spriggan zombie is unaffected.
Your spiny frog zombie is unaffected.
Your alligator zombie is unaffected.
Your six-headed hydra zombie is unaffected.
The spectral tengu is unaffected.
The spectral fire dragon is unaffected.
The spectral giant leech is unaffected.
The spectral eight-headed hydra is unaffected.
The swamp worm looks frightened!
The spectral anaconda is unaffected.
The spectral seven-headed hydra is unaffected.
You are engulfed in ghostly flame.
You die...
Kikubaaqudgha rasps: "You have failed me!
Welcome... death!"

≈.. ♣♣♣♣♣ ♣♣ ≈≈≈♣♣.≈.♣ .♣♣
♣♣.≈≈≈≈..≈≈≈.♣ .≈♣
♣♣≈.≈≈≈≈≈..≈.≈♣♣♣.♣♣
♣♣≈≈.≈≈≈≈≈≈..≈♣♣§≈≈.♣
...≈≈D≈≈≈≈≈..Z♣§≈§..♣ ♣♣
≈≈≈≈≈≈≈.≈≈≈≈§§§Z§..≈♣♣≈♣♣
♣.≈t≈≈≈≈≈§≈≈≈.§@♣t§§§§.≈≈≈♣♣♣
..≈≈≈≈≈≈≈≈≈.≈.≈§§wZZ§♣§.≈.♣♣≈♣♣
≈≈≈≈≈≈≈≈≈≈....≈≈.§Z§Z§.≈≈.....♣
......≈≈≈≈..♣♣♣..♣Z.Z§§§.§..§♣♣
..≈≈.≈≈≈≈.♣♣♣ ♣♣♣♣.§Z.§.≈≈.≈..♣
.≈≈....≈♣♣ ♣♣♣ZZ≈≈Z.≈....♣
.≈≈.≈.≈...♣♣ ♣♣♣...§...≈.≈...♣
♣..... ....♣♣♣....≈.≈.≈≈≈.≈≈≈♣
♣♣.. ♣..♣..♣♣.≈...≈..≈.≈.♣


You could see a spectral anaconda, a spectral giant leech, a spectral
eight-headed hydra, a spectral seven-headed hydra, a spectral fire dragon, a
spectral tengu, a swamp worm (fleeing), a friendly alligator zombie, a friendly
six-headed hydra zombie, 2 friendly spiny frog zombies, a friendly swamp dragon
zombie and a friendly spriggan zombie.

Vanquished Creatures
  Donald (Swamp:2)
  Maud (D:12)
  A caustic shrike zombie (D:15)
  Josephine (D:12)
  A hell beast (D:11)
  A rakshasa (D:13)
  8 hydras
  An alligator (Swamp:2)
  5 centaur warriors
  A tengu warrior (D:12)
  Urug (Lair:3)
  2 death yaks (Lair:6)
  A titan skeleton (D:15)
  2 unseen horrors (D:11)
  A shambling mangrove (Swamp:2)
  A skeletal warrior (D:15)
  A hill giant (D:14)
  Pikel (D:9)
  2 swamp dragons
  A flayed ghost (D:15)
  A wolf spider zombie (D:15)
  7 ugly things
  4 cyclopes
  2 manticores
  2 wizards
  2 griffons (Lair:6)
  9 elephants
  6 centaur zombies
  2 black mambas
  A gargoyle (D:14)
  A rust devil (D:11)
  An orange demon (D:11)
  16 spiny frogs
  6 komodo dragons
  A tengu conjurer (D:14)
  3 trolls
  A giant leech (Swamp:1)
  A queen bee (Lair:2)
  3 fire drakes
  A polar bear (Lair:8)
  2 wandering mushrooms (Lair:8)
  2 two-headed ogres (D:14)
  10 blink frogs
  5 slime creatures (D:14)
  A boulder beetle (Lair:8)
  4 ravens
  A bog body (Swamp:1)
  2 spriggans
  12 wyverns
  Sigmund (D:2)
  A deep elf mage (D:10)
  A centaur simulacrum (D:13)
  15 hippogriffs
  5 wraiths
  3 basilisks
  25 yaks
  Grum (D:10)
  8 wolves
  A hungry ghost (D:13)
  8 vampire mosquitoes
  A human zombie (D:15)
  4 swamp worms
  8 porcupines
  20 water moccasins
  4 ogres
  3 swamp drakes
  3 orc warriors
  A wasp (Lair:8)
  20 centaurs
  6 ice beasts
  A phantom (D:7)
  2 slaves (D:9)
  4 sky beasts
  12 crocodiles
  An eye of draining (D:11)
  A necrophage (D:13)
  A big kobold (D:13)
  22 giant frogs
  The ghost of Slowtrain the Conjurer, an average VSWz (D:4)
  A wyvern skeleton (D:13)
  7 scorpions
  32 killer bees
  6 wights
  9 crimson imps
  A giant frog zombie (D:7)
  6 hounds
  A quasit (D:9)
  4 jellies
  A wyvern simulacrum (D:9)
  A wasp zombie (D:9)
  8 orc priests
  Ijyb (D:2)
  2 giant frog skeletons
  8 worker ants
  10 iguanas
  Jessica (D:3)
  5 centaur skeletons
  13 orc wizards
  10 iron imps (D:11)
  10 sheep
  A hound zombie (D:7)
  14 adders
  27 river rats
  3 gnolls (D:6)
  2 shadow imps
  2 oozes
  3 adder zombies
  7 worms
  5 giant geckos
  59 orcs
  3 ball pythons
  15 bats
  2 bat skeletons
  8 giant cockroaches
  18 hobgoblins
  8 giant newts
  16 goblins
  24 kobolds
  4 quokkas
  A quokka skeleton (D:5)
  15 rats
  2 butterflies (D:6)
703 creatures vanquished.

Vanquished Creatures (collateral kills)
  The ghost of Bull the Tortoise, a powerful MiFi of Nemelex Xobeh (Lair:4)
  A hydra (Swamp:2)
  A salamander stormcaller (D:12)
  2 hill giants
  An ugly thing (D:13)
  An elephant (Lair:8)
  A spiny frog (Swamp:1)
  A centaur skeleton (D:13)
  2 fire drakes (Lair:6)
  A red devil (D:11)
  2 two-headed ogres
  2 blink frogs
  A yak (D:8)
  3 vampire mosquitoes (Swamp:1)
  2 hippogriffs (Lair:6)
  A basilisk (D:13)
  A naga (Lair:4)
  A swamp worm (Swamp:1)
  A water moccasin (Lair:5)
  2 ogres
  6 orc warriors
  A crocodile (Lair:8)
  A phantom (D:11)
  5 killer bees
  4 wights
  2 orc priests
  An iguana (Lair:4)
  8 sheep
  A gnoll (D:6)
  2 river rats (Lair:4)
  4 orcs
  2 plants
65 creatures vanquished.

Vanquished Creatures (others)
  6 dancing weapons
  A slave (D:9)
  A giant frog zombie (D:9)
  A hound (D:10)
  An adder (D:11)
  2 orcs
  2 quokkas
  A kobold (D:4)
  3 fungi (Lair:8)
18 creatures vanquished.

Grand Total: 786 creatures vanquished

Notes
Turn   | Place    | Note
--------------------------------------------------------------
     0 | D:1      | Zwobot the Felid Enchanter began the quest for the Orb.
     0 | D:1      | Reached XP level 1. HP: 7/7 MP: 4/4
   577 | D:1      | Reached XP level 2. HP: 11/11 MP: 3/6
   581 | D:1      | Learned a level 2 spell: Ensorcelled Hibernation
  1061 | D:1      | Reached skill level 1 in Fighting
  1246 | D:1      | Reached XP level 3. HP: 14/16 MP: 4/7
  1487 | D:2      | Found a shimmering altar of Xom.
  1606 | D:2      | Found an opulent altar of Gozag.
  1845 | D:2      | Learned a level 3 spell: Tukima's Dance
  2464 | D:2      | Reached XP level 4. HP: 20/20 MP: 5/8
  2623 | D:2      | Noticed Sigmund
  2641 | D:2      | Killed Sigmund
  2641 | D:2      | Reached skill level 5 in Unarmed Combat
  2641 | D:2      | Reached XP level 5. HP: 23/23 MP: 7/9
  2802 | D:2      | Noticed Ijyb
  2858 | D:2      | Killed Ijyb
  2858 | D:2      | Gained mutation: You are covered in thick fur (AC +2). [Felid growth]
  2858 | D:2      | Reached XP level 6. HP: 18/27 MP: 2/10
  3103 | D:3      | Found a basalt altar of Yredelemnul.
  3109 | D:3      | Found a glowing golden altar of the Shining One.
  3476 | D:2      | Learned a level 3 spell: Confuse
  3624 | D:3      | Noticed Jessica
  3649 | D:3      | Killed Jessica
  4466 | D:4      | Found a white marble altar of Elyvilon.
  4665 | D:3      | Noticed an angel
  4980 | D:4      | Noticed Slowtrain's ghost (average VSWz)
  5156 | D:4      | Reached skill level 5 in Dodging
  5156 | D:4      | Reached XP level 7. HP: 30/30 MP: 5/11
  5158 | D:4      | Reached skill level 6 in Unarmed Combat
  5253 | D:4      | Noticed Natasha
  5772 | D:4      | Reached skill level 1 in Ice Magic
  5780 | D:4      | Reached skill level 5 in Hexes
  6080 | D:4      | Killed Slowtrain's ghost
  6318 | D:5      | Entered Level 5 of the Dungeon
  6589 | D:5      | Reached XP level 8. HP: 34/34 MP: 7/12
  6785 | D:5      | Found a deep blue altar of Sif Muna.
  6850 | D:5      | Reached skill level 7 in Hexes
  6942 | D:5      | Found a glowing golden altar of the Shining One.
  7343 | D:5      | Found a shadowy altar of Dithmenos.
  7440 | D:6      | Reached skill level 8 in Dodging
  7440 | D:6      | Reached skill level 5 in Stealth
  7910 | D:6      | Found a staircase to the Ecumenical Temple.
  7922 | Temple   | Entered the Ecumenical Temple
  7930 | Temple   | Became a worshipper of Kikubaaqudgha
  8045 | D:6      | Reached XP level 9. HP: 37/37 MP: 14/14
  8771 | D:7      | Reached skill level 9 in Dodging
  8943 | D:7      | You fall through a shaft for 3 floors!
  8943 | D:10     | Entered Level 10 of the Dungeon
  9014 | D:10     | Acquired Kikubaaqudgha's first power
  9014 | D:10     | Received a gift from Kikubaaqudgha
  9015 | D:10     | Identified Kikubaaqudgha's Handbook of Evil (Kikubaaqudgha gifted it to you on level 10 of the Dungeon)
  9026 | D:10     | Learned a level 2 spell: Corpse Rot
  9231 | D:10     | Noticed a centaur zombie
  9307 | D:10     | Killed a centaur zombie
  9372 | D:10     | Noticed Grum
  9425 | D:9      | Found a deep blue altar of Sif Muna.
  9592 | D:9      | Noticed Pikel
  9679 | D:9      | Reached skill level 10 in Dodging
  9698 | D:9      | Found a runed door.
  9842 | D:8      | Found a staircase to the Lair.
  9842 | D:8      | Noticed an elephant
  9967 | D:7      | Reached skill level 5 in Fighting
 10789 | D:7      | Reached skill level 1 in Necromancy
 10794 | D:7      | Acquired Kikubaaqudgha's second power
 10963 | D:7      | Reached XP level 10. HP: 14/45 MP: 10/15
 11175 | D:7      | Learned a level 1 spell: Pain
 12363 | D:8      | Killed an elephant
 12671 | D:9      | Killed Pikel
 12671 | D:9      | Reached skill level 5 in Necromancy
 13367 | D:9      | Received a gift from Kikubaaqudgha
 13368 | D:9      | Identified Kikubaaqudgha's Guide on Evil (Kikubaaqudgha gifted it to you on level 9 of the Dungeon)
 13605 | D:9      | Noticed a cyclops
 13608 | D:9      | Killed a cyclops
 13623 | D:9      | Upgraded the game from 0.17-a0-1301-ga863c44 to 0.17-a0-1311-gbcbd859
 13682 | Lair:1   | Entered Level 1 of the Lair of Beasts
 13827 | Lair:1   | Reached XP level 11. HP: 51/51 MP: 14/17
 13960 | Lair:1   | Noticed a black mamba
 13967 | Lair:1   | Killed a black mamba
 14849 | Lair:1   | Learned a level 4 spell: Animate Dead
 15004 | Lair:1   | Reached skill level 11 in Dodging
 16943 | Lair:2   | Reached skill level 10 in Hexes
 16961 | Lair:2   | Acquired Kikubaaqudgha's third power
 17122 | Lair:2   | Reached skill level 10 in Stealth
 17475 | Lair:2   | Reached skill level 5 in Spellcasting
 17817 | Lair:2   | Noticed a seven-headed hydra
 17972 | Lair:2   | Killed a seven-headed hydra
 18487 | Lair:3   | Noticed Urug
 18491 | Lair:3   | Killed Urug
 18491 | Lair:3   | Gained mutation: Your thick and shaggy fur keeps you warm (AC +3, rC+). [Felid growth]
 18491 | Lair:3   | Reached XP level 12. HP: 55/55 MP: 21/21
 19061 | Lair:3   | You fall through a shaft for 3 floors!
 19794 | Lair:5   | Reached skill level 12 in Dodging
 19838 | Lair:4   | Found a staircase to the Snake Pit.
 20023 | Lair:4   | Noticed Bull's ghost (powerful MiFi)
 20051 | Lair:4   | Learned a level 5 spell: Dispel Undead
 20185 | Lair:4   | Killed Bull's ghost
 21001 | Lair:4   | Found a staircase to the Swamp.
 21062 | Lair:4   | Reached skill level 10 in Unarmed Combat
 22153 | Lair:6   | Found an iron altar of Okawaru.
 22676 | Lair:6   | Noticed an eight-headed hydra
 22690 | Lair:6   | Noticed a four-headed hydra
 22691 | Lair:6   | Noticed a seven-headed hydra
 22691 | Lair:6   | Killed an eight-headed hydra
 22691 | Lair:6   | Reached skill level 13 in Dodging
 22838 | Lair:6   | Acquired Kikubaaqudgha's fourth power
 23038 | Lair:6   | Killed a four-headed hydra
 23038 | Lair:6   | Reached XP level 13. HP: 58/58 MP: 14/22
 23459 | Lair:6   | Reached skill level 1 in Evocations
 23959 | Lair:7   | Found a staircase to the Slime Pits.
 23960 | Lair:7   | Found a viscous altar of Jiyva.
 24073 | Lair:8   | Entered Level 8 of the Lair of Beasts
 24270 | Lair:8   | Reached skill level 14 in Dodging
 24591 | Lair:8   | HP: 2/58 [black mamba (15)]
 24609 | Lair:8   | HP: 1/58 [poisoned by a water moccasin]
 24610 | Lair:8   | Succumbed to a water moccasin's poison
 24611 | Lair:8   | Reached XP level 12. HP: -1/55 MP: 24/31
 25034 | Lair:8   | Your ally Zwobot died
 25604 | D:10     | Noticed a centaur skeleton
 25607 | D:10     | Killed Grum
 25719 | D:10     | Killed a centaur skeleton
 25922 | D:10     | Your ally Grum died
 26352 | D:11     | Found a corrupted altar of Lugonu.
 26357 | D:11     | Noticed a hell beast
 26399 | D:11     | Killed a hell beast
 26399 | D:11     | Reached XP level 13. HP: 51/59 MP: 8/24
 27064 | D:12     | Noticed Josephine
 27461 | D:11     | Reached skill level 15 in Dodging
 28339 | D:12     | Noticed Maud
 28379 | D:12     | Killed Maud
 28630 | D:12     | Found a staircase to the Orcish Mines.
 28885 | D:13     | Found Peos Ahy's General Store.
 29446 | D:13     | Bought a potion of might for 56 gold pieces
 29446 | D:13     | Bought a potion of haste for 140 gold pieces
 29446 | D:13     | Bought the ring of Accord {SustAt Int+4 Dex+2} for 519 gold pieces
 29446 | D:13     | Bought an uncursed ring of protection from magic for 350 gold pieces
 29590 | D:9      | Reached skill level 10 in Necromancy
 29709 | Temple   | Received a gift from Kikubaaqudgha
 31529 | D:13     | Reached XP level 14. HP: 56/64 MP: 18/25
 31918 | D:14     | Identified Lee's Almanac of Sand
 31925 | D:14     | Identified Ts'ui Pên's Catalogue of Forking Paths
 31947 | D:14     | Identified the Handbook of Combed Thunderclap
 32190 | D:14     | Found a gate to the Vaults.
 32373 | D:14     | Reached skill level 10 in Fighting
 32652 | D:15     | Entered Level 15 of the Dungeon
 33073 | D:15     | Found a staircase to the Depths.
 33405 | D:12     | Killed Josephine
 33480 | Lair:1   | Learned a level 5 spell: Summon Mana Viper
 33566 | Swamp:1  | Entered Level 1 of the Swamp
 34278 | Swamp:2  | Noticed Donald
 34292 | Swamp:2  | Killed Donald
 34292 | Swamp:2  | Reached skill level 1 in Summonings
 34408 | Swamp:2  | Mangled by a spriggan rider
 34409 | Swamp:2  | Reached XP level 13. HP: -13/61 MP: 16/24
 34514 | Swamp:2  | HP: 1/61 [five-headed hydra (14)]
 34514 | Swamp:2  | Mangled by a five-headed hydra
 34515 | Swamp:2  | Reached XP level 12. HP: -12/58 MP: 10/23
 34566 | Swamp:2  | Found a snail-covered altar of Cheibriados.
 34787 | Swamp:2  | Engulfed by a ghost crab's ghostly flame

Vault maps used:
D:1:      elethiomel_arrival_shortcut
D:2:      grunt_gozag_statues, old_standard_altar, minmay_joined_circles,
          uniq_iyjb, uniq_sigmund
D:3:      grunt_temple_overflow_holy_war, uniq_jessica
D:4:      elyvilon_altar_4, serial_forest, infiniplex_forest_lined_2,
          infiniplex_forest_lined_3, infiniplex_forest_lined_room_2,
          infiniplex_forest_straight_3, first_bread, uniq_natasha
D:5:      kennysheep_little_box, basic_altar, tso_metal_star
D:6:      minmay_temple_entry_butterflies
D:7:      enter_bailey_2
D:8:      david_lair_generic
D:9:      lemuel_doored_altar, wad_hexagon, uniq_pikel
D:10:     grunt_pizzeria, uniq_grum
D:11:     lemuel_hellish_altar
D:12:     erik_orc_1, minmay_misc_feat_plants, kb_tengu_band, uniq_maud,
          uniq_josephine
D:13:     serial_shops, shop_fountains, spider_trap
D:14:     david_vaults_1, bh_hangedman_babel_library
D:15:     gammafunk_depths_entry_grave, minmay_misc_feat_tiny, serial_shops,
          nicolae_shop_behind_doors, laboratory
Temple:   circular_temple_12
Lair:1:   lemuel_fruit_tree
Lair:2:   special_room
Lair:3:   nicolae_quartered_pool_medium, bobbens_dragon_lair_wall,
          lemuel_fruit_fields, lemuel_fruit_fields, uniq_urug
Lair:4:   minmay_swamp_entry_reptiles, guppyfry_snake_entry_garden,
          nicolae_volcano_entry_two_sided
Lair:5:   special_room, pond
Lair:6:   special_room, basic_altar, hangedman_lair_generics_rect,
          serial_bayou_shore_b, bh_autumn_forest_stairs
Lair:7:   slime_altar_1, grunt_forest_large_clearing_hut
Lair:8:   due_jungle_book, fungi_pond_lemuel, grunt_forest_large_clearings,
          grunt_megastairs_2
Swamp:1:  serial_swamp_ruin, evilmike_swamp_ruin_house_2,
          evilmike_swamp_ruin_house_1, swamp_pool4, hangedman_swamp_blocks
Swamp:2:  nicolae_swamp_godswood, uniq_donald

Action                   |  1- 3 |  4- 6 |  7- 9 | 10-12 | 13-15 || total
-------------------------+-------+-------+-------+-------+-------++-------
Melee: Unarmed           |    73 |   122 |   261 |   578 |   460 ||  1494
 Cast: Corona            |    14 |     5 |     1 |     1 |       ||    21
       Ensorcelled Hiber |    27 |    34 |    63 |   295 |   162 ||   581
       Tukima's Dance    |     1 |     2 |    21 |    12 |    24 ||    60
       Confuse           |       |       |    20 |    42 |    73 ||   135
       Corpse Rot        |       |       |       |     6 |     1 ||     7
       Animate Dead      |       |       |       |    56 |    23 ||    79
       Dispel Undead     |       |       |       |     1 |    22 ||    23
Invok: Receive Corpses   |       |       |       |     6 |     2 ||     8
 Abil: Evoke Invisibilit |       |     4 |    12 |    13 |    22 ||    51
       Turn Visible      |       |     1 |     6 |     3 |    10 ||    20
       Evoke Berserk Rag |       |       |       |       |     1 ||     1
Evoke: Wand              |       |       |     1 |     2 |     1 ||     4
  Use: Scroll            |       |    11 |     5 |     8 |    16 ||    40
       Potion            |       |       |     2 |     1 |    12 ||    15
 Stab: Sleeping          |    31 |    32 |    69 |   166 |   112 ||   410
       Invisible         |       |     4 |    13 |    17 |    31 ||    65
       Distracted        |       |     1 |       |     5 |     8 ||    14
       Confused          |       |       |     8 |    14 |    17 ||    39
  Eat: Chunk             |    11 |    11 |    23 |    50 |    36 ||   131
